 Dungeon Crawl Stone Soup version 0.31-a0-152-g6aa68a64a1 (webtiles) character file.

Game seed: 17164105963329029647

206 qw the Shooter (level 5, -1/32 HPs)
             Began as a Gargoyle Hunter on June 10, 2023.
             Slain by a kobold brigand
             ... wielding a +0 whip
              (8 damage)
             ... in a sewer.
             The game lasted 00:00:54 (2288 turns).

qw the Shooter (Gargoyle Hunter)                    Turns: 2288, Time: 00:00:54

Health: -1/32      AC:  9    Str: 15    XL:     5   Next: 84%
Magic:  5/5        EV: 11    Int:  9    God:
Gold:   174        SH:  5    Dex: 15    Spells: 4/4 levels left

rFire   . . .        Y - +1 shortbow
rCold   . . .        (shield currently unavailable)
rNeg    + . .        l - +0 ring mail
rPois   inf          (no helmet)
rElec   +            (no cloak)
rCorr   .            (no gloves)
SInv    .            (no boots)
Will    .....        a - amulet of reflection
Stlth   +            (no ring)
HPRegen 0.25/turn    (no ring)
MPRegen 0.09/turn

%: reflection
@: no status effects
A: sickness immunity, AC +4, negative energy resistance 1, electricity
resistance, torment resistance 1, petrification resistance
a: no special abilities


You were in a sewer.
You visited 1 branch of the dungeon, and saw 4 of its levels.
You also visited: Sewer.

You collected 174 gold pieces.


Innate Abilities, Weirdness & Mutations

You are immune to sickness and miasma.
Your stone body is resilient. (AC +4)
You are immune to poison.
You resist negative energy. (rN+)
You are resistant to electric shocks. (rElec)
You are resistant to unholy torment.
You are immune to petrification.


   Skills:
 + Level 3.4 Fighting
 - Level 6.1 Ranged Weapons
 - Level 1.5 Armour
 - Level 1.5 Dodging
 - Level 1.1 Stealth


You had 4 spell levels left.
You didn't know any spells.
Your spell library was empty.

Inventory:

Hand Weapons
 Y - a +1 shortbow (weapon)
Armour
 l - a +0 ring mail (worn)
Jewellery
 a - an amulet of reflection (around neck)
 k - a ring of ice
 m - a ring of ice
Potions
 c - a potion of heal wounds {unknown}
 d - a potion of curing {unknown}
 e - a potion of enlightenment {unknown}
 h - a potion of attraction {unknown}

Dungeon Overview and Level Annotations

Branches:
Dungeon (4/15)              Sewer (1/1)
 Temple: D:4-7

Altars:
Ashenzari
Dithmenos
Uskayaw


Message History

The kobold brigand hits you but does no damage.
The kobold brigand hits you with a +0 short sword.
The kobold hits you but does no damage. You block the kobold's attack.
The kobold brigand hits you but does no damage.
The kobold brigand barely misses you.
You shoot an arrow. The arrow barely misses the kobold.
The kobold barely misses you. The kobold hits you but does no damage.
The kobold brigand hits you but does no damage.
The kobold brigand hits you with a +0 short sword.
You shoot an arrow. The arrow hits the kobold!
You kill the kobold!
You block the kobold brigand's attack.
The kobold brigand hits you with a +0 short sword.
You shoot an arrow. The arrow hits the kobold brigand.
The kobold brigand is lightly wounded.
The kobold brigand hits you with a +0 whip.
The kobold closely misses you.
The kobold brigand hits you with a +0 short sword.
You shoot an arrow. The arrow hits the kobold brigand.
The kobold brigand is moderately wounded.
The kobold brigand hits you with a +0 whip.
The kobold barely misses you. The kobold brigand closely misses you.
You block the kobold's attack. The kobold brigand closely misses you.
You block the kobold's attack. x2
The kobold brigand hits you but does no damage.
You shoot an arrow. The arrow hits the kobold brigand.
The kobold brigand is moderately wounded.
The kobold brigand closely misses you. The kobold misses you.
The kobold hits you but does no damage.
The kobold brigand hits you with a +0 short sword.
You shoot an arrow.
The arrow closely misses the kobold brigand.
The kobold brigand hits you but does no damage.
The kobold closely misses you.
The kobold brigand hits you but does no damage.
The kobold hits you but does no damage.
You shoot an arrow.
The arrow barely misses the kobold brigand.
The kobold brigand hits you with a +0 whip!
You die...

#\\.#~~~#
#...'~~~#
######~~~#
#!..?#~~~#
#.!\.#~~~#
#..!.#~~~#
#....#~~~#
##KK##~~~#
#.K@K#~~~#
###...~#~~~#
#....~~%~~~#
##...~~~~~~#
#.P.~P#~~~#
#....~~#~~~#
#......#~~~#
#......#~~~~
#......#~~~~~


You could see 2 kobold brigands and 2 kobolds.

Vanquished Creatures
  A phantom (D:3)
  An orc priest (D:3)
  An orc wizard (D:3)
  3 adders
  A dart slug (D:1)
  2 orcs (D:3)
  2 endoplasms
  8 giant cockroaches
  2 goblins (D:3)
  3 hobgoblins
  5 kobolds
  4 ball pythons
  4 bats
  4 frilled lizards
  12 rats
53 creatures vanquished.

Notes
Turn   | Place    | Note
-------+----------+-------------------------------------------
     0 | D:1      | qw the Gargoyle Hunter began the quest for the Orb.
     0 | D:1      | Reached XP level 1. HP: 12/12 MP: 1/1
     0 | D:1      | 0 ||| qw: Version: 0.2-a-29-gd901d54
     0 | D:1      | 0 ||| qw: Game counter: 3984
     0 | D:1      | 0 ||| qw: Always use a shield: true
     0 | D:1      | 0 ||| qw: God list: Okawaru
     0 | D:1      | 0 ||| qw: Allow faded altars: false
     0 | D:1      | 0 ||| qw: Do Orc after D:15 true
     0 | D:1      | 0 ||| qw: Do second Lair branch before Depths: true
     0 | D:1      | 0 ||| qw: Lair rune preference: random
     0 | D:1      | 0 ||| qw: Plans: Normal, Zot:1-4, Slime:5, God:TSO, Crypt,
                  | Tomb, Abyss, Pan, Hells, Win
     0 | D:1      | 0 ||| PLANNING D:1-11
   440 | D:1      | Reached XP level 2. HP: 17/17 MP: 2/2
   485 | D:1      | 485 ||| FLEEEEING.
   648 | D:1      | Found a faded altar of an unknown god.
   982 | D:1      | 982 ||| UPGRADING to +0 ring mail.
   992 | D:1      | 992 ||| DROPPING +0 leather armour.
   993 | D:1      | 993 ||| READING scroll labelled PAGIHA ZATYSS.
   994 | D:1      | 994 ||| READING scroll labelled FUSOXZ ZOJEM.
   999 | D:1      | 999 ||| READING scroll labelled SYBAELOGAGI.
  1000 | D:1      | 1000 ||| READING scroll labelled TILUMU ULUGOQEPS.
  1001 | D:1      | 1001 ||| DROPPING scroll of butterflies.
  1145 | D:2      | Reached skill level 1 in Armour
  1145 | D:2      | Reached XP level 3. HP: 21/21 MP: 3/3
  1199 | D:2      | Found a broken altar of Ashenzari.
  1277 | D:2      | Found the +5 woodcutter's axe
  1623 | D:2      | 1623 ||| UPGRADING to amulet of reflection.
  1628 | D:2      | 1628 ||| READING 2 scrolls labelled XIASITZAOPP.
  1629 | D:2      | 1629 ||| READING scroll labelled NADWIUVV JOMEGH.
  1630 | D:2      | 1630 ||| DRINKING 2 fuming puce potions.
  1631 | D:2      | 1631 ||| DROPPING scroll of vulnerability.
  1632 | D:2      | 1632 ||| DROPPING potion of degeneration.
  1649 | D:3      | Noticed a +0 spear
  1650 | D:3      | Noticed a +0 short sword
  1664 | D:3      | Reached skill level 5 in Ranged Weapons
  1676 | D:3      | Reached skill level 3 in Fighting
  1676 | D:3      | Reached XP level 4. HP: 13/28 MP: 4/4
  1945 | D:3      | Found a shadowy altar of Dithmenos.
  1972 | D:3      | Noticed a +0 dagger
  1973 | D:3      | Noticed a +0 short sword
  1974 | D:3      | Noticed a +0 falchion
  1974 | D:3      | Noticed a +0 dagger
  1975 | D:3      | Noticed a +0 falchion
  1977 | D:3      | Noticed a +0 spear
  2010 | D:3      | Found a hide-covered altar of Uskayaw.
  2080 | D:3      | Noticed a phantom
  2094 | D:3      | Killed a phantom
  2095 | D:3      | Reached skill level 6 in Ranged Weapons
  2095 | D:3      | Reached XP level 5. HP: 20/32 MP: 5/5
  2142 | D:3      | 2142 ||| DROPPING +6 ring of intelligence.
  2143 | D:3      | 2143 ||| READING scroll labelled OVUEJY FAPREI.
  2159 | D:4      | 2159 ||| PLANNING SEWER
  2202 | D:4      | Found a glowing drain.
  2246 | Sewer    | Entered a sewer
  2274 | Sewer    | Noticed a kobold brigand
  2274 | Sewer    | Noticed a kobold brigand
  2284 | Sewer    | HP: 8/32 [kobold brigand/+0 short sword (3)]
  2288 | Sewer    | Slain by a kobold brigand

Levels and vault maps discovered:
D:1:      roderic_octagonal_star, layout_loops_corners,
          dreamdust_ecumenical_altar_hidden_monk_grotto
D:2:      layout_loops_ring, basic_altar
D:3:      layout_rooms, overflow_temple_1_default, nicolae_uskayaw_en_pointe
D:4:      layout_gridville, nicolae_ru_path_of_blood, gup_sewer_entry_glass,
          kennysheep_generic_room_4
Sewer:    kennysheep_pipe_town

Skill      XL: |  1  2  3  4 |
---------------+-------------+-----
Armour         | 1 |  1.5
Ranged Weapons | 5 6 |  6.1
Fighting       | 3 |  3.4
Dodging        | |  1.5
Stealth        | |  1.1

Action                     |  1- 3 |  4- 6 || total
---------------------------+-------+-------++-------
   Fire: Shortbow          |   101 |   100 ||   201
    Use: Scroll            |     6 |     1 ||     7
         Potion            |     1 |       ||     1
 Armour: Leather armour    |     7 |       ||     7
         Ring mail         |    12 |    60 ||    72
  Dodge: Dodged            |    30 |    51 ||    81
  Block: Other             |       |    24 ||    24

Table legend:
 A = Non-vault XP
 B = Vault XP
 C = Vault XP percentage of total XP
 D = Non-vault monster count
 E = Vault monster count
 F = Vault count percentage of total count
                 A         B        C        D         E       F
            +---------+---------+-------+---------+---------+-------
      Total |     266 |      29 |   9.8 |      44 |       9 |  17.0
            +---------+---------+-------+---------+---------+-------
        D:1 |      22 |       0 |   0.0 |      15 |       0 |   0.0
        D:2 |      43 |       0 |   0.0 |      13 |       0 |   0.0
        D:3 |     201 |       0 |   0.0 |      16 |       0 |   0.0
        D:4 |       0 |      21 | 100.0 |       0 |       5 | 100.0
      Sewer |       0 |       8 | 100.0 |       0 |       4 | 100.0
            +---------+---------+-------+---------+---------+-------
